 Dungeon Crawl Stone Soup version 0.29.0-15-g675c0067aa (webtiles) character file.

Game seed: 18189884755759518272

63760 qw the Warrior (level 14, -10/140 HPs)
             Began as a Minotaur Berserker on Sept 12, 2022.
             Was an Elder of Trog.
             Killed from afar by a wretched star (22 damage)
             ... with a lance of force
             ... on level 2 of the Abyss.
             The game lasted 00:07:17 (21037 turns).

qw the Warrior (Minotaur Berserker)                Turns: 21037, Time: 00:07:17

Health: -10/140    AC: 22    Str: 24      XL:     14   Next: 69%
Magic:  0/13       EV: 15    Int:  3 (4)  God:    Trog [****..]
Gold:   865        SH:  6    Dex: 11      Spells: 13/13 levels left

rFire   . . .      SeeInvis +   Y - +0 war axe (freeze)
rCold   + + +      Faith    .   f - +0 buckler
rNeg    . . .      Spirit   +   n - +2 chain mail of Joadoe Xoux {Fly rElec rC+++ Str-2}
rPois   +          Reflect  .   a - +0 hat "Paloik" {*Slow rPois Will- SInv}
rElec   +          Harm     .   m - +0 cloak
rCorr   .          Rampage  .   e - +1 pair of gloves
Will    .....      Rage     9%  u - +1 pair of boots
Stlth   ..........              o - amulet of guardian spirit
HPRegen 0.33/turn               h - +4 ring of protection
MPRegen 0.13/turn               x - +4 ring of evasion

@: on berserk cooldown, flying, unable to read
A: horns 2, retaliatory headbutt, [berserk 2], [deformed body], [screaming 2],
[subdued magic 2], [inability to read after injury 2]
a: Renounce Religion, Berserk, Trog's Hand, Brothers in Arms


You were on level 2 of the Abyss.
You worshipped Trog.
Trog was greatly pleased with you.
You visited 2 branches of the dungeon, and saw 17 of its levels.
You visited the Abyss 1 time.

You collected 1222 gold pieces.
You spent 357 gold pieces at shops.


Innate Abilities, Weirdness & Mutations

You have a pair of horns on your head.
You reflexively headbutt those who attack you in melee.
[You have an uncontrollable temper.]
[Armour fits poorly on your strangely shaped body.]
[You frequently scream uncontrollably at your foes.]
[Your spells are easier to cast, but less powerful.]
[You sometimes lose the ability to read scrolls when taking damage.]


   Skills:
 - Level 17.0 Fighting
 - Level 16.0 Axes
 - Level 7.1 Throwing
 - Level 15.0 Armour
 + Level 7.4 Dodging
 - Level 10.7 Shields


You had 13 spell levels left.
You didn't know any spells.
Your spell library was empty.

Inventory:

Hand Weapons
 l - a +0 hand axe of flaming
 Y - a +0 war axe of freezing (weapon)
Missiles
 k - 5 boomerangs (quivered)
Armour
 a - the +0 hat "Paloik" (worn) {*Slow rPois Will- SInv}
   (You acquired it on level 2 of the Dungeon)

   rPois:     It protects you from poison.
   SInv:      It lets you see invisible.
   *Slow:     It may slow you when you take damage.
   Will:      It decreases your willpower.
 e - a +1 pair of gloves (worn)
 f - a +0 buckler (worn)
 i - a +1 hat
 m - a +0 cloak (worn)
 n - the +2 chain mail of Joadoe Xoux (worn) {Fly rElec rC+++ Str-2}
   (You found it on level 5 of the Lair of Beasts)

   Str:       It affects your strength (-2).
   rC:        It renders you almost immune to cold.
   rElec:     It insulates you from electricity.
   Fly:       It grants you flight.
 r - +0 storm dragon scales
 u - a +1 pair of boots (worn)
Jewellery
 c - an amulet of regeneration
 h - a +4 ring of protection (left hand)
 o - an amulet of guardian spirit (around neck)
 p - the ring "Pynejae" {rF+ rC+}
   (You found it on level 10 of the Dungeon)

   [ring of protection from fire]

   rF:        It protects you from fire.
   rC:        It protects you from cold.
 w - a ring of poison resistance
 x - a +4 ring of evasion (right hand)
 y - a ring of protection from fire
Scrolls
 j - 2 scrolls of teleportation
 q - 9 scrolls of identify
Potions
 b - 6 potions of might
 d - 3 potions of curing
 g - 2 potions of haste

Dungeon Overview and Level Annotations

Branches:
Dungeon (12/15)            Temple (0/1) D:6            Lair (5/5) D:10
 Shoals (0/4) Lair:2        Snake (0/4) Lair:2        Slime (0/5) Lair:4
    Orc (0/2) D:10

Altars:
Ashenzari
Makhleb
Okawaru
Xom

Shops:
D:4 !   D:6 =   D:8 *   D:9 !([

Annotations:
D:12 1 runed translucent door, Bananafolds's ghost, journeyman DrAE; Sonja


Message History

You feel yourself speed up.
The wretched star pulses with an eldritch light!
You occasionally lose the ability to read scrolls when taking damage.
You lose the ability to read scrolls when taking damage more often.
You closely miss the wretched star.
You headbutt the wretched star, but do no damage.
The wretched star is lightly damaged.
You hit the wretched star. Your headbutt misses the wretched star.
The wretched star is lightly damaged.
You completely miss the wretched star.
The wretched star is lightly damaged.
You slash the wretched star! You freeze the wretched star.
Your headbutt misses the wretched star.
The wretched star is lightly damaged.
The wretched star glows turbulently.
The lance of force hits you!!
You feel threatened and lose the ability to read scrolls!
You are knocked back by the lance of force.
You slam into the rock wall!
The wretched star pulses with an eldritch light!
You feel the urge to shout.
You feel a strong urge to scream.
You hit the wretched star but do no damage.
The wretched star is lightly damaged.
The wretched star glows turbulently.
The lance of force misses you.
You barely miss the wretched star.
The wretched star is lightly damaged.
You slash the wretched star!
The wretched star is moderately damaged.
The wretched star glows turbulently.
You block the lance of force.
You slash the wretched star!
The wretched star is moderately damaged.
The wretched star pulses with an eldritch light!
Your body twists and deforms.
You barely miss the wretched star.
The wretched star is moderately damaged.
The wretched star glows turbulently.
The lance of force hits you!!
You die...

.#.#+##+ ...........
...........
...........
..#.......## .#
#..#.#....# .
#...#...#.#
#.....#......#
..........@.##... #
. .#....*........
#.#.#.###....###..##
#. ....#.....# .#
¤¤.......#... . #.
...........#
#..#......##...
....#..............
....... #.. ...#....


You could see a wretched star.

Vanquished Creatures
  A tentacled monstrosity (Abyss:1)
  A draconian monk (Abyss:1)
  An eidolon (Abyss:1)
  6 hydras
  A catoblepas (Lair:5)
  11 death yaks
  2 thrashing horrors (Abyss:1)
  A two-headed ogre (D:11)
  A wretched star (Abyss:1)
  A spriggan simulacrum (Abyss:1)
  2 wolf spiders (Lair:5)
  4 lindwurms
  A worldbinder (Abyss:1)
  An apocalypse crab (Abyss:1)
  3 manticores
  20 elephants
  4 black mambas
  A molten gargoyle (Lair:4)
  A torpor snail (Lair:3)
  2 orange demons (Abyss:1)
  A smoke demon (Abyss:2)
  12 cane toads
  An unseen horror (D:11)
  6 rime drakes
  A demonic crawler (Abyss:1)
  4 kobold demonologists (D:10)
  A freezing wraith (Abyss:1)
  5 komodo dragons
  2 ancient zymes (Abyss:1)
  2 trolls
  A hornet (D:8)
  2 polar bears
  A wind drake (Lair:2)
  A tyrant leech (D:10)
  16 blink frogs
  4 raiju (Abyss:1)
  Grinder (D:4)
  4 dream sheep (Lair:3)
  Sigmund (D:2)
  4 starcursed masses (Abyss:1)
  2 shadows (D:10)
  2 wraiths
  2 ynoxinuls (Abyss:1)
  6 wyverns
  33 yaks
  3 basilisks
  A black mamba skeleton (Abyss:1)
  2 neqoxecs (Abyss:1)
  2 vampires (D:10)
  A steam dragon (D:8)
  Menkaure (D:6)
  2 swamp worms (D:10)
  2 large abominations (Abyss:1)
  Edmund (D:4)
  3 nagas (Lair:2)
  2 hell hounds (Lair:2)
  3 small abominations (Abyss:1)
  11 water moccasins
  2 acid dragons
  2 orc warriors
  A black bear (D:8)
  23 wolves
  A centaur (D:6)
  2 phantoms
  3 kobold brigands
  7 bullfrogs
  3 necrophages
  2 scorpions
  A cane toad simulacrum (Lair:4)
  4 wights (D:6)
  2 troll zombies (D:10)
  3 killer bees (D:10)
  4 howler monkeys
  A quasit (Abyss:1)
  A jelly (D:4)
  An orc priest (D:9)
  2 gnoll boudas
  4 hounds
  7 orc wizards
  3 polar bear simulacra (Lair:4)
  6 ogre zombies (D:10)
  8 gnolls
  7 adders
  A white imp (Abyss:1)
  4 ufetubi
  2 worms
  2 dart slugs (D:4)
  14 orcs
  3 bats
  4 endoplasms
  A giant cockroach (D:1)
  4 goblins
  6 hobgoblins
  2 quokkas
  5 ball pythons
  5 frilled lizards
  3 goblin skeletons (D:10)
  A goblin zombie (D:10)
  A hobgoblin skeleton (D:10)
  5 hobgoblin zombies (D:10)
  13 kobolds
  3 orc skeletons (D:10)
  12 orc zombies (D:10)
  4 rats
409 creatures vanquished.

Vanquished Creatures (collateral kills)
  2 hydras
  A boulder beetle (Lair:5)
  An elephant (Lair:5)
  A blink frog (Lair:5)
  2 yaks (Lair:5)
  A basilisk (Lair:5)
  A water moccasin (Lair:4)
  4 starcursed masses (Abyss:1)
13 creatures vanquished.

Vanquished Creatures (others)
  33 fungi
  78 plants
111 creatures vanquished.

Grand Total: 533 creatures vanquished

Notes
Turn   | Place    | Note
-------+----------+-------------------------------------------
     0 | D:1      | qw the Minotaur Berserker began the quest for the Orb.
     0 | D:1      | Reached XP level 1. HP: 19/19 MP: 0/0
     0 | D:1      | 0 ||| qw: Version: 0.1-a-119-g272c26d
     0 | D:1      | 0 ||| qw: Game counter: 10959
     0 | D:1      | 0 ||| qw: Always use a shield: true
     0 | D:1      | 0 ||| qw: Do Orc after D:15 true
     0 | D:1      | 0 ||| qw: Do second Lair branch before Depths: true
     0 | D:1      | 0 ||| qw: Lair rune preference: random
     0 | D:1      | 0 ||| qw: Plans: Normal
     0 | D:1      | 0 ||| PLANNING D:1-11
   101 | D:1      | 101 ||| Stepping ~*~*~tactically~*~*~ (stealth).
   103 | D:1      | 103 ||| Stepping ~*~*~tactically~*~*~ (stealth).
   374 | D:1      | Reached XP level 2. HP: 26/26 MP: 1/1
   447 | D:1      | 447 ||| INVOKING Berserk.
   877 | D:1      | 877 ||| UPGRADING to +0 ring mail.
   887 | D:1      | 887 ||| DROPPING +0 animal skin.
   888 | D:1      | 888 ||| UPGRADING to +0 pair of gloves.
   893 | D:1      | 893 ||| UPGRADING to +1 hat.
   898 | D:1      | 898 ||| UPGRADING to +6 ring of dexterity.
   899 | D:1      | 899 ||| READING scroll labelled HAOJIEGAMING.
   900 | D:1      | 900 ||| READING scroll labelled VAEF DYSYTI.
   901 | D:1      | 901 ||| READING scroll labelled WURYSAI LULIA.
   902 | D:1      | 902 ||| Stepping randomly (stuck).
   903 | D:1      | 903 ||| Stepping ~*~*~tactically~*~*~ (cloud).
   907 | D:1      | HP: 6/26 [poisoned by you (poison gas)]
   912 | D:1      | HP: 2/26 [poisoned by you (poison gas)]
  1240 | D:2      | 1240 ||| STAIRDANCE
  1242 | D:1      | 1242 ||| INVOKING Berserk.
  1447 | D:2      | Reached XP level 3. HP: 20/31 MP: 2/2
  1708 | D:2      | Noticed Sigmund
  1709 | D:2      | 1709 ||| INVOKING Berserk.
  1717 | D:2      | Killed Sigmund
  1718 | D:2      | Reached XP level 4. HP: 39/39 MP: 3/3
  1718 | D:2      | Reached XP level 5. HP: 45/45 MP: 4/4
  2129 | D:2      | Reached skill level 4 in Fighting
  2665 | D:2      | 2665 ||| UPGRADING to +6 ring of strength.
  2666 | D:2      | 2666 ||| READING scroll labelled NIOKKI ONIPT.
  2666 | D:2      | Identified a scroll of acquirement
  2666 | D:2      | 2666 ||| ACQUIRING +0 hat "Paloik" {*Slow rPois Will- SInv}
  2666 | D:2      | Acquired the +0 hat "Paloik" {*Slow rPois Will- SInv}
  2668 | D:2      | 2668 ||| UPGRADING to +0 hat "Paloik" {*Slow rPois Will-
                  | SInv}.
  2678 | D:2      | 2678 ||| READING scroll labelled CUYCYR CUODGHA.
  2679 | D:2      | 2679 ||| READING 2 scrolls labelled CIHASMA TETEG.
  2683 | D:2      | 2683 ||| DRINKING 2 dark potions.
  2706 | D:3      | 2706 ||| STAIRDANCE
  2794 | D:3      | Found a faded altar of an unknown god.
  2912 | D:3      | Reached ** piety under Trog
  3115 | D:3      | 3115 ||| UPGRADING to +0 pair of boots.
  3120 | D:3      | 3120 ||| UPGRADING to +0 plate armour.
  3130 | D:3      | 3130 ||| DROPPING +0 ring mail.
  3131 | D:3      | 3131 ||| UPGRADING to amulet of guardian spirit.
  3136 | D:3      | 3136 ||| READING scroll labelled NERCHU VUCEC.
  3137 | D:3      | 3137 ||| DRINKING 2 bubbling cyan potions.
  3138 | D:3      | 3138 ||| DRINKING 2 coppery potions.
  3139 | D:3      | 3139 ||| DROPPING potion of flight.
  3140 | D:3      | 3140 ||| DROPPING potion of invisibility.
  3175 | D:4      | Reached skill level 3 in Armour
  3175 | D:4      | Reached XP level 6. HP: 51/52 MP: 5/5
  3205 | D:4      | Noticed Grinder
  3208 | D:4      | 3208 ||| Stepping ~*~*~tactically~*~*~ (hiding).
  3210 | D:4      | 3210 ||| INVOKING Trog's Hand.
  3211 | D:4      | 3211 ||| INVOKING Berserk.
  3216 | D:4      | Killed Grinder
  3217 | D:4      | Reached skill level 9 in Axes
  3293 | D:4      | 3293 ||| Stepping ~*~*~tactically~*~*~ (stealth).
  3294 | D:4      | 3294 ||| Stepping ~*~*~tactically~*~*~ (stealth).
  3300 | D:4      | Reached XP level 7. HP: 59/59 MP: 6/6
  3333 | D:4      | 3333 ||| READING scroll of enchant armour.
  3333 | D:4      | 3333 ||| ENCHANTING +0 pair of gloves.
  3541 | D:4      | 3541 ||| INVOKING Berserk.
  3613 | D:4      | 3613 ||| DROPPING +0 club.
  3616 | D:4      | 3616 ||| DROPPING +0 whip.
  3723 | D:4      | Noticed Edmund
  3725 | D:4      | 3725 ||| INVOKING Berserk.
  3731 | D:4      | Killed Edmund
  3732 | D:4      | Reached skill level 5 in Fighting
  3847 | D:4      | 3847 ||| DROPPING +0 flail.
  3879 | D:4      | 3879 ||| READING scroll of brand weapon.
  3879 | D:4      | 3879 ||| BRANDING +0 hand axe of protection.
  3880 | D:4      | 3880 ||| DROPPING +0 flail of draining.
  3920 | D:4      | Found Xoexti Yqaoff's Distillery.
  3926 | D:4      | 3926 ||| BUYING potion of curing (39 gold).
  3926 | D:4      | Bought a potion of curing for 39 gold pieces
  3926 | D:4      | 3926 ||| SHOPLISTING potion of resistance (130 gold, have
                  | 108).
  4488 | D:4      | 4488 ||| UPGRADING to +0 buckler.
  4493 | D:4      | 4493 ||| READING scroll labelled JUIKAJ ITIEDESM.
  4494 | D:4      | 4494 ||| DRINKING 2 fuming golden potions.
  4495 | D:4      | 4495 ||| DROPPING potion of degeneration.
  4530 | D:5      | Entered Level 5 of the Dungeon
  4531 | D:5      | 4531 ||| STAIRDANCE
  4627 | D:5      | Reached skill level 1 in Shields
  4635 | D:5      | 4635 ||| INVOKING Berserk.
  4636 | D:5      | 4636 ||| INVOKING Berserk.
  4802 | D:5      | You fall into a shaft and drop 1 floor!
  4818 | D:6      | Found a staircase to the Ecumenical Temple.
  4850 | D:6      | Reached skill level 3 in Shields
  4972 | D:5      | Reached XP level 8. HP: 70/70 MP: 7/7
  5299 | D:5      | 5299 ||| READING 3 scrolls of identify.
  5299 | D:5      | 5299 ||| IDENTIFYING bubbling clear potion
  5300 | D:5      | 5300 ||| READING 2 scrolls of identify.
  5300 | D:5      | 5300 ||| IDENTIFYING fuming coppery potion
  5301 | D:5      | 5301 ||| DROPPING potion of lignification.
  5302 | D:5      | 5302 ||| DROPPING potion of ambrosia.
  5367 | D:6      | Found Afefei's Jewellery Shop.
  5381 | D:6      | 5381 ||| SHOPLISTING amulet "Zegger" {Acrobat *Slow rF+
                  | rCorr Stlth+} (608 gold, have 173).
  5381 | D:6      | 5381 ||| SHOPLISTING amulet of reflection (390 gold, have
                  | 173).
  5381 | D:6      | 5381 ||| SHOPLISTING amulet of regeneration (390 gold, have
                  | 173).
  5381 | D:6      | 5381 ||| SHOPLISTING ring of fire (325 gold, have 173).
  5381 | D:6      | 5381 ||| SHOPLISTING ring of see invisible (195 gold, have
                  | 173).
  5407 | D:6      | 5407 ||| Stepping ~*~*~tactically~*~*~ (hiding).
  5408 | D:6      | 5408 ||| Stepping ~*~*~tactically~*~*~ (hiding).
  5409 | D:6      | 5409 ||| Stepping ~*~*~tactically~*~*~ (hiding).
  5637 | D:6      | Found a burning altar of Makhleb.
  5640 | D:6      | Found an iron altar of Okawaru.
  5697 | D:6      | Noticed Menkaure
  5698 | D:6      | 5698 ||| Stepping ~*~*~tactically~*~*~ (hiding).
  5703 | D:6      | 5703 ||| INVOKING Berserk.
  5706 | D:6      | Killed Menkaure
  5984 | D:6      | Reached skill level 1 in Throwing
  5991 | D:6      | Reached skill level 6 in Fighting
  6157 | D:6      | 6157 ||| READING 2 scrolls of identify.
  6157 | D:6      | 6157 ||| IDENTIFYING brown potion
  6417 | D:7      | 6417 ||| SWAPPING to +0 war axe.
  6800 | D:7      | 6800 ||| Stepping ~*~*~tactically~*~*~ (hiding).
  6803 | D:7      | 6803 ||| INVOKING Berserk.
  7190 | D:8      | Noticed a hornet
  7202 | D:8      | Killed a hornet
  7204 | D:8      | Reached XP level 9. HP: 57/75 MP: 6/8
  7453 | D:8      | 7453 ||| Stepping ~*~*~tactically~*~*~ (hiding).
  7454 | D:8      | 7454 ||| Stepping ~*~*~tactically~*~*~ (hiding).
  7456 | D:8      | 7456 ||| Stepping ~*~*~tactically~*~*~ (hiding).
  7485 | D:8      | Found a shimmering altar of Xom.
  7490 | D:8      | 7490 ||| Stepping ~*~*~tactically~*~*~ (stealth).
  7492 | D:8      | 7492 ||| INVOKING Berserk.
  7633 | D:8      | 7633 ||| Stepping ~*~*~tactically~*~*~ (cloud).
  7634 | D:8      | 7634 ||| Stepping ~*~*~tactically~*~*~ (hiding).
  7637 | D:8      | 7637 ||| INVOKING Berserk.
  7646 | D:8      | 7646 ||| Stepping ~*~*~tactically~*~*~ (hiding).
  7661 | D:8      | 7661 ||| Stepping ~*~*~tactically~*~*~ (stealth).
  7830 | D:8      | 7830 ||| INVOKING Berserk.
  7942 | D:8      | 7942 ||| SWAPPING to +0 war axe of freezing.
  7943 | D:8      | 7943 ||| DROPPING +0 war axe.
  8011 | D:8      | Identified the +4 mace of Melee {vorpal, Contam Int+4}
  8082 | D:8      | Found Oqiqoq's Mass Market.
  8186 | D:8      | Reached skill level 12 in Axes
  8489 | D:8      | 8489 ||| UPGRADING to +0 cloak.
  8494 | D:8      | 8494 ||| READING scroll labelled DITWIAREGH.
  8495 | D:8      | 8495 ||| READING scroll labelled WUEPPE GEETUM.
  8535 | D:9      | 8535 ||| STAIRDANCE
  8591 | D:9      | 8591 ||| STAIRDANCE
  8598 | D:8      | Reached skill level 6 in Armour
  8598 | D:8      | 8598 ||| INVOKING Berserk.
  8600 | D:8      | Reached skill level 7 in Fighting
  8788 | D:9      | 8788 ||| STAIRDANCE
  8905 | D:9      | 8905 ||| STAIRDANCE
  8913 | D:8      | Reached skill level 3 in Throwing
  8913 | D:8      | Reached XP level 10. HP: 59/86 MP: 7/9
  9143 | D:9      | Found Umpiegu's Antique Armour Boutique.
  9151 | D:9      | 9151 ||| BUYING runed scarf (240 gold).
  9151 | D:9      | Bought a runed scarf for 240 gold pieces
  9151 | D:9      | 9151 ||| SHOPLISTING shiny chain mail (225 gold, have 142).
  9285 | D:9      | Found a broken altar of Ashenzari.
  9328 | D:9      | Reached *** piety under Trog
  9384 | D:9      | Found Akhe's Antique Weapon Emporium.
  9392 | D:9      | 9392 ||| SHOPLISTING glowing war axe (149 gold, have 142).
  9779 | D:9      | Found Xorgh's Distillery.
  9788 | D:9      | 9788 ||| BUYING potion of curing (39 gold).
  9788 | D:9      | Bought a potion of curing for 39 gold pieces
  9788 | D:9      | 9788 ||| BUYING potion of curing (39 gold).
  9788 | D:9      | Bought a potion of curing for 39 gold pieces
  9788 | D:9      | 9788 ||| SHOPLISTING potion of haste (130 gold, have 84).
  9806 | D:9      | 9806 ||| Stepping ~*~*~tactically~*~*~ (stealth).
  9808 | D:9      | 9808 ||| Stepping ~*~*~tactically~*~*~ (stealth).
  9810 | D:9      | 9810 ||| Stepping ~*~*~tactically~*~*~ (stealth).
  9813 | D:9      | 9813 ||| Stepping ~*~*~tactically~*~*~ (stealth).
  9820 | D:9      | Reached skill level 8 in Fighting
  9938 | D:9      | 9938 ||| DROPPING scarf of harm.
  9939 | D:9      | 9939 ||| UPGRADING to +1 pair of boots.
  9949 | D:9      | 9949 ||| DROPPING +0 pair of boots.
  9950 | D:9      | 9950 ||| UPGRADING to ring of protection from cold.
  9952 | D:9      | 9952 ||| READING 2 scrolls labelled SYLLEU QEMOE.
  9953 | D:9      | 9953 ||| READING 4 scrolls of identify.
  9953 | D:9      | 9953 ||| IDENTIFYING white potion
  9954 | D:9      | 9954 ||| DROPPING scroll of amnesia.
  9976 | D:10     | Entered Level 10 of the Dungeon
 10012 | D:10     | 10012 ||| Stepping ~*~*~tactically~*~*~ (stealth).
 10017 | D:10     | 10017 ||| Stepping ~*~*~tactically~*~*~ (stealth).
 10022 | D:10     | 10022 ||| Stepping ~*~*~tactically~*~*~ (stealth).
 10037 | D:10     | 10037 ||| Stepping ~*~*~tactically~*~*~ (stealth).
 10038 | D:10     | 10038 ||| Stepping ~*~*~tactically~*~*~ (stealth).
 10040 | D:10     | 10040 ||| Stepping ~*~*~tactically~*~*~ (stealth).
 10043 | D:10     | 10043 ||| Stepping ~*~*~tactically~*~*~ (stealth).
 10048 | D:10     | 10048 ||| Stepping ~*~*~tactically~*~*~ (stealth).
 10055 | D:10     | 10055 ||| Stepping ~*~*~tactically~*~*~ (stealth).
 10069 | D:10     | 10069 ||| FLEEEEING.
 10070 | D:10     | 10070 ||| FLEEEEING.
 10071 | D:10     | 10071 ||| FLEEEEING.
 10072 | D:10     | 10072 ||| FLEEEEING.
 10076 | D:10     | 10076 ||| FLEEEEING.
 10077 | D:10     | 10077 ||| FLEEEEING.
 10078 | D:10     | 10078 ||| FLEEEEING.
 10101 | D:10     | 10101 ||| FLEEEEING.
 10102 | D:10     | 10102 ||| FLEEEEING.
 10107 | D:10     | 10107 ||| FLEEEEING.
 10108 | D:10     | 10108 ||| FLEEEEING.
 10109 | D:10     | 10109 ||| FLEEEEING.
 10110 | D:10     | 10110 ||| FLEEEEING.
 10111 | D:10     | 10111 ||| STAIRDANCE
 10153 | D:9      | 10153 ||| DROPPING amulet of magic regeneration.
 10161 | D:10     | 10161 ||| INVOKING Berserk.
 10180 | D:10     | 10180 ||| FLEEEEING.
 10181 | D:10     | 10181 ||| STAIRDANCE
 10320 | D:10     | 10320 ||| Stepping ~*~*~tactically~*~*~ (stealth).
 10322 | D:10     | 10322 ||| Stepping ~*~*~tactically~*~*~ (stealth).
 10394 | D:10     | 10394 ||| Stepping ~*~*~tactically~*~*~ (stealth).
 10400 | D:10     | 10400 ||| Stepping ~*~*~tactically~*~*~ (stealth).
 10402 | D:10     | Found a staircase to the Orcish Mines.
 10404 | D:10     | 10404 ||| Stepping ~*~*~tactically~*~*~ (stealth).
 10433 | D:10     | 10433 ||| DRINKING 3 potions of curing.
 10433 | D:10     | 10433 ||| (to cure confusion)
 10437 | D:10     | 10437 ||| FLEEEEING.
 10438 | D:10     | 10438 ||| FLEEEEING.
 10439 | D:10     | 10439 ||| STAIRDANCE
 10507 | D:10     | 10507 ||| Stepping ~*~*~tactically~*~*~ (stealth).
 10510 | D:10     | 10510 ||| Stepping ~*~*~tactically~*~*~ (stealth).
 10541 | D:10     | Reached **** piety under Trog
 10630 | D:10     | 10630 ||| Stepping ~*~*~tactically~*~*~ (stealth).
 10631 | D:10     | 10631 ||| Stepping ~*~*~tactically~*~*~ (stealth).
 10632 | D:10     | 10632 ||| Stepping ~*~*~tactically~*~*~ (stealth).
 10633 | D:10     | 10633 ||| Stepping ~*~*~tactically~*~*~ (stealth).
 10634 | D:10     | 10634 ||| READING 5 scrolls of teleportation.
 10636 | D:10     | 10636 ||| FLEEEEING.
 10783 | D:10     | Found a staircase to the Lair.
 10840 | D:10     | Identified the ring "Pynejae" {rF+ rC+}
 10934 | D:10     | 10934 ||| INVOKING Berserk.
 11229 | D:10     | Reached skill level 15 in Axes
 11254 | D:10     | 11254 ||| INVOKING Berserk.
 11525 | D:10     | Reached skill level 9 in Fighting
 11525 | D:10     | Reached XP level 11. HP: 78/97 MP: 7/10
 11662 | D:10     | 11662 ||| PLANNING LAIR
 11662 | D:10     | 11662 ||| UPGRADING to ring "Pynejae" {rF+ rC+}.
 11664 | D:10     | 11664 ||| DROPPING +6 ring of dexterity.
 11665 | D:10     | 11665 ||| UPGRADING to +4 ring of evasion.
 11667 | D:10     | 11667 ||| DROPPING ring of protection from cold.
 11668 | D:10     | 11668 ||| READING 3 scrolls of identify.
 11668 | D:10     | 11668 ||| IDENTIFYING viscous yellow potion
 11733 | Lair:1   | Entered Level 1 of the Lair of Beasts
 11925 | Lair:1   | Noticed a six-headed hydra
 11926 | Lair:1   | 11926 ||| INVOKING Brothers in Arms.
 11927 | Lair:1   | 11927 ||| INVOKING Brothers in Arms.
 11928 | Lair:1   | 11928 ||| INVOKING Brothers in Arms.
 11929 | Lair:1   | 11929 ||| SWAPPING to +0 hand axe of flaming.
 11930 | Lair:1   | 11930 ||| INVOKING Berserk.
 11932 | Lair:1   | Killed a five-headed hydra
 11933 | Lair:1   | Reached skill level 6 in Shields
 11938 | Lair:1   | 11938 ||| SWAPPING to +0 war axe of freezing.
 12042 | Lair:1   | You fall into a shaft and drop 1 floor!
 12054 | Lair:2   | 12054 ||| STAIRDANCE
 12056 | Lair:1   | 12056 ||| INVOKING Berserk.
 12404 | Lair:1   | 12404 ||| Stepping ~*~*~tactically~*~*~ (stealth).
 12406 | Lair:1   | 12406 ||| INVOKING Berserk.
 12418 | Lair:1   | Reached skill level 9 in Armour
 12418 | Lair:1   | 12418 ||| Stepping ~*~*~tactically~*~*~ (stealth).
 12765 | Lair:1   | 12765 ||| READING scroll labelled TANESOTALE.
 12766 | Lair:1   | 12766 ||| READING scroll labelled SETUSUEDOT.
 12803 | Lair:2   | Found a staircase to the Shoals.
 12804 | Lair:2   | 12804 ||| Stepping ~*~*~tactically~*~*~ (hiding).
 12807 | Lair:2   | 12807 ||| INVOKING Berserk.
 12814 | Lair:2   | Reached skill level 10 in Fighting
 13118 | Lair:2   | 13118 ||| Stepping ~*~*~tactically~*~*~ (hiding).
 13120 | Lair:2   | 13120 ||| Stepping ~*~*~tactically~*~*~ (hiding).
 13122 | Lair:2   | Found a staircase to the Snake Pit.
 13139 | Lair:2   | 13139 ||| Stepping ~*~*~tactically~*~*~ (stealth).
 13141 | Lair:2   | 13141 ||| INVOKING Berserk.
 13308 | Lair:2   | 13308 ||| Stepping ~*~*~tactically~*~*~ (hiding).
 13309 | Lair:2   | 13309 ||| Stepping ~*~*~tactically~*~*~ (hiding).
 13311 | Lair:2   | 13311 ||| Stepping ~*~*~tactically~*~*~ (hiding).
 13398 | Lair:2   | Noticed an eight-headed hydra
 13399 | Lair:2   | 13399 ||| INVOKING Brothers in Arms.
 13400 | Lair:2   | 13400 ||| INVOKING Brothers in Arms.
 13401 | Lair:2   | 13401 ||| INVOKING Brothers in Arms.
 13402 | Lair:2   | 13402 ||| SWAPPING to +0 hand axe of flaming.
 13403 | Lair:2   | 13403 ||| INVOKING Berserk.
 13408 | Lair:2   | Killed a four-headed hydra
 13420 | Lair:2   | 13420 ||| SWAPPING to +0 war axe of freezing.
 13562 | Lair:2   | 13562 ||| Stepping ~*~*~tactically~*~*~ (stealth).
 13564 | Lair:2   | 13564 ||| Stepping ~*~*~tactically~*~*~ (hiding).
 13583 | Lair:2   | 13583 ||| Stepping ~*~*~tactically~*~*~ (stealth).
 13596 | Lair:2   | 13596 ||| Stepping ~*~*~tactically~*~*~ (stealth).
 13598 | Lair:2   | 13598 ||| Stepping ~*~*~tactically~*~*~ (hiding).
 13599 | Lair:2   | 13599 ||| Stepping ~*~*~tactically~*~*~ (hiding).
 13602 | Lair:2   | 13602 ||| INVOKING Berserk.
 13612 | Lair:2   | 13612 ||| Stepping ~*~*~tactically~*~*~ (stealth).
 13613 | Lair:2   | 13613 ||| Stepping ~*~*~tactically~*~*~ (stealth).
 13632 | Lair:2   | Reached skill level 11 in Fighting
 13753 | Lair:2   | Reached XP level 12. HP: 110/110 MP: 11/11
 13817 | Lair:2   | 13817 ||| DRINKING potion of cancellation.
 13881 | Lair:2   | 13881 ||| Stepping ~*~*~tactically~*~*~ (stealth).
 13883 | Lair:2   | 13883 ||| INVOKING Berserk.
 14418 | Lair:3   | 14418 ||| FLEEEEING.
 14426 | Lair:3   | Reached skill level 12 in Fighting
 14562 | Lair:3   | Noticed a seven-headed hydra
 14563 | Lair:3   | 14563 ||| INVOKING Brothers in Arms.
 14564 | Lair:3   | 14564 ||| INVOKING Brothers in Arms.
 14565 | Lair:3   | 14565 ||| INVOKING Brothers in Arms.
 14566 | Lair:3   | 14566 ||| SWAPPING to +0 hand axe of flaming.
 14567 | Lair:3   | 14567 ||| INVOKING Berserk.
 14570 | Lair:3   | Killed a six-headed hydra
 14575 | Lair:3   | 14575 ||| SWAPPING to +0 war axe of freezing.
 14724 | Lair:3   | Identified the +5 rapier of Butchery {flame, rF- Str+5}
 14869 | Lair:3   | 14869 ||| FLEEEEING.
 14870 | Lair:3   | 14870 ||| FLEEEEING.
 14871 | Lair:3   | 14871 ||| FLEEEEING.
 14872 | Lair:3   | 14872 ||| FLEEEEING.
 14877 | Lair:3   | 14877 ||| FLEEEEING.
 14878 | Lair:3   | 14878 ||| FLEEEEING.
 14879 | Lair:3   | 14879 ||| FLEEEEING.
 14880 | Lair:3   | 14880 ||| FLEEEEING.
 14881 | Lair:3   | 14881 ||| FLEEEEING.
 14882 | Lair:3   | 14882 ||| FLEEEEING.
 14883 | Lair:3   | 14883 ||| STAIRDANCE
 14903 | Lair:3   | 14903 ||| INVOKING Berserk.
 14912 | Lair:3   | 14912 ||| STAIRDANCE
 15060 | Lair:3   | 15060 ||| Stepping ~*~*~tactically~*~*~ (stealth).
 15150 | Lair:3   | 15150 ||| Stepping ~*~*~tactically~*~*~ (stealth).
 15151 | Lair:3   | 15151 ||| Stepping ~*~*~tactically~*~*~ (stealth).
 15155 | Lair:3   | 15155 ||| INVOKING Berserk.
 15179 | Lair:3   | 15179 ||| Stepping ~*~*~tactically~*~*~ (stealth).
 15534 | Lair:4   | Reached skill level 12 in Armour
 15565 | Lair:4   | 15565 ||| READING 5 scrolls of teleportation.
 15599 | Lair:4   | Found a frozen archway.
 15607 | Lair:4   | 15607 ||| Stepping ~*~*~tactically~*~*~ (stealth).
 15649 | Lair:4   | Noticed a seven-headed hydra
 15650 | Lair:4   | 15650 ||| INVOKING Brothers in Arms.
 15654 | Lair:4   | 15654 ||| SWAPPING to +0 hand axe of flaming.
 15656 | Lair:4   | 15656 ||| INVOKING Berserk.
 15656 | Lair:4   | Killed a seven-headed hydra
 15664 | Lair:4   | 15664 ||| SWAPPING to +0 war axe of freezing.
 15955 | Lair:4   | Found a staircase to the Slime Pits.
 16062 | Lair:4   | 16062 ||| INVOKING Berserk.
 16065 | Lair:4   | Reached skill level 13 in Fighting
 16196 | Lair:4   | 16196 ||| Stepping ~*~*~tactically~*~*~ (stealth).
 16207 | Lair:4   | 16207 ||| Stepping ~*~*~tactically~*~*~ (stealth).
 16410 | Lair:4   | Noticed a death yak
 16410 | Lair:4   | Noticed a death yak
 16414 | Lair:4   | 16414 ||| INVOKING Berserk.
 16414 | Lair:4   | Noticed a death yak
 16417 | Lair:4   | Killed a death yak
 16423 | Lair:4   | Killed a death yak
 16424 | Lair:4   | Noticed a death yak
 16424 | Lair:4   | Noticed a death yak
 16429 | Lair:4   | Killed a death yak
 16430 | Lair:4   | Reached skill level 9 in Shields
 16430 | Lair:4   | Reached XP level 13. HP: 122/122 MP: 12/12
 16446 | Lair:4   | HP: 27/122 [death yak (9)]
 16447 | Lair:4   | 16447 ||| READING 4 scrolls of teleportation.
 16447 | Lair:4   | HP: 13/122 [death yak (11)]
 16448 | Lair:4   | 16448 ||| DRINKING 2 potions of heal wounds.
 16452 | Lair:4   | 16452 ||| READING 3 scrolls of teleportation.
 16545 | Lair:4   | 16545 ||| FLEEEEING.
 16787 | Lair:4   | 16787 ||| Stepping ~*~*~tactically~*~*~ (stealth).
 16791 | Lair:4   | 16791 ||| Stepping ~*~*~tactically~*~*~ (stealth).
 16798 | Lair:4   | 16798 ||| Stepping ~*~*~tactically~*~*~ (stealth).
 16800 | Lair:4   | 16800 ||| Stepping ~*~*~tactically~*~*~ (stealth).
 17173 | Lair:4   | 17173 ||| DROPPING +6 ring of strength.
 17223 | Lair:5   | Entered Level 5 of the Lair of Beasts
 17228 | Lair:5   | 17228 ||| INVOKING Berserk.
 17240 | Lair:5   | Reached skill level 6 in Throwing
 17250 | Lair:5   | 17250 ||| FLEEEEING.
 17253 | Lair:5   | 17253 ||| STAIRDANCE
 17330 | Lair:4   | 17330 ||| INVOKING Berserk.
 17493 | Lair:5   | Reached skill level 14 in Fighting
 17541 | Lair:5   | Identified the +2 chain mail of Joadoe Xoux {Fly rElec
                  | rC+++ Str-2}
 17547 | Lair:5   | 17547 ||| Stepping ~*~*~tactically~*~*~ (stealth).
 17548 | Lair:5   | 17548 ||| INVOKING Brothers in Arms.
 17549 | Lair:5   | 17549 ||| INVOKING Brothers in Arms.
 17550 | Lair:5   | 17550 ||| INVOKING Berserk.
 17555 | Lair:5   | Reached skill level 6 in Dodging
 17813 | Lair:5   | Reached skill level 15 in Fighting
 18066 | Lair:5   | 18066 ||| Stepping ~*~*~tactically~*~*~ (stealth).
 18072 | Lair:5   | 18072 ||| Stepping ~*~*~tactically~*~*~ (hiding).
 18076 | Lair:5   | 18076 ||| INVOKING Berserk.
 18196 | Lair:5   | 18196 ||| INVOKING Brothers in Arms.
 18197 | Lair:5   | 18197 ||| SWAPPING to +0 hand axe of flaming.
 18198 | Lair:5   | 18198 ||| INVOKING Berserk.
 18214 | Lair:5   | 18214 ||| SWAPPING to +0 war axe of freezing.
 18221 | Lair:5   | 18221 ||| Stepping ~*~*~tactically~*~*~ (cloud).
 18223 | Lair:5   | 18223 ||| Stepping ~*~*~tactically~*~*~ (cloud).
 18224 | Lair:5   | 18224 ||| Stepping ~*~*~tactically~*~*~ (stealth).
 18229 | Lair:5   | 18229 ||| Stepping ~*~*~tactically~*~*~ (hiding).
 18230 | Lair:5   | 18230 ||| Stepping ~*~*~tactically~*~*~ (hiding).
 18239 | Lair:5   | 18239 ||| FLEEEEING.
 18341 | Lair:5   | 18341 ||| Stepping ~*~*~tactically~*~*~ (hiding).
 18346 | Lair:5   | 18346 ||| INVOKING Berserk.
 18476 | Lair:5   | Identified the +1 robe "Loexec" {-Tele rF++ rN+ Dex+2
                  | Archmagi}
 18494 | Lair:5   | 18494 ||| INVOKING Berserk.
 18694 | Lair:5   | Reached XP level 14. HP: 124/135 MP: 11/13
 18734 | Lair:5   | Reached ***** piety under Trog
 18735 | Lair:5   | 18735 ||| INVOKING Brothers in Arms.
 18736 | Lair:5   | 18736 ||| INVOKING Brothers in Arms.
 18737 | Lair:5   | 18737 ||| INVOKING Berserk.
 18742 | Lair:5   | Reached skill level 15 in Armour
 19496 | Lair:5   | 19496 ||| PLANNING D:1-11
 19496 | Lair:5   | 19496 ||| UPGRADING to +2 chain mail of Joadoe Xoux {Fly
                  | rElec rC+++ Str-2}.
 19506 | Lair:5   | 19506 ||| UPGRADING to +4 ring of protection.
 20059 | D:11     | 20059 ||| Stepping ~*~*~tactically~*~*~ (hiding).
 20245 | D:11     | 20245 ||| INVOKING Brothers in Arms.
 20247 | D:11     | 20247 ||| SWAPPING to +0 hand axe of flaming.
 20248 | D:11     | 20248 ||| INVOKING Berserk.
 20255 | D:11     | 20255 ||| SWAPPING to +0 war axe of freezing.
 20372 | D:11     | 20372 ||| PLANNING D
 20372 | D:11     | 20372 ||| DROPPING +0 plate armour.
 20442 | D:12     | Found a runed translucent door.
 20442 | D:12     | Noticed Bananafolds's ghost (journeyman DrAE)
 20467 | D:12     | Noticed Sonja
 20473 | Abyss:1  | Cast into level 1 of the Abyss (Sonja)
 20474 | Abyss:1  | 20474 ||| READING scroll labelled UCET WUOSTU.
 20563 | Abyss:1  | 20563 ||| Stepping ~*~*~tactically~*~*~ (stealth).
 20570 | Abyss:1  | 20570 ||| Stepping ~*~*~tactically~*~*~ (stealth).
 20579 | Abyss:1  | 20579 ||| Stepping ~*~*~tactically~*~*~ (stealth).
 20653 | Abyss:1  | 20653 ||| INVOKING Trog's Hand.
 20706 | Abyss:1  | 20706 ||| Stepping ~*~*~tactically~*~*~ (stealth).
 20707 | Abyss:1  | 20707 ||| Stepping ~*~*~tactically~*~*~ (stealth).
 20721 | Abyss:1  | Reached skill level 16 in Fighting
 20722 | Abyss:1  | 20722 ||| INVOKING Trog's Hand.
 20748 | Abyss:1  | 20748 ||| INVOKING Trog's Hand.
 20755 | Abyss:1  | 20755 ||| Stepping ~*~*~tactically~*~*~ (stealth).
 20782 | Abyss:1  | 20782 ||| INVOKING Berserk.
 20790 | Abyss:1  | 20790 ||| INVOKING Trog's Hand.
 20904 | Abyss:1  | Noticed a tentacled monstrosity
 20908 | Abyss:1  | 20908 ||| Stepping ~*~*~tactically~*~*~ (hiding).
 20909 | Abyss:1  | 20909 ||| INVOKING Berserk.
 20917 | Abyss:1  | Killed a tentacled monstrosity
 20918 | Abyss:1  | Reached skill level 17 in Fighting
 20935 | Abyss:1  | 20935 ||| Stepping ~*~*~tactically~*~*~ (stealth).
 20961 | Abyss:1  | Noticed a starcursed mass
 20964 | Abyss:1  | Noticed a green draconian monk
 20966 | Abyss:1  | 20966 ||| Stepping ~*~*~tactically~*~*~ (hiding).
 20978 | Abyss:1  | 20978 ||| INVOKING Berserk.
 20985 | Abyss:1  | Killed a green draconian monk
 20987 | Abyss:1  | HP: 52/210 [starcursed mass (2)]
 20995 | Abyss:1  | 20995 ||| INVOKING Brothers in Arms.
 20996 | Abyss:1  | 20996 ||| INVOKING Brothers in Arms.
 20996 | Abyss:1  | HP: 33/140 [starcursed mass (4)]
 20997 | Abyss:1  | 20997 ||| READING 3 scrolls of teleportation.
 20998 | Abyss:1  | 20998 ||| DRINKING potion of heal wounds.
 21003 | Abyss:1  | HP: 35/140 [two-headed ogre collision (11)]
 21005 | Abyss:2  | 21005 ||| INVOKING Trog's Hand.
 21030 | Abyss:2  | HP: 21/140 [wretched star/lance of force (31)]
 21030 | Abyss:2  | HP: 10/140 [rock wall collision (11)]
 21037 | Abyss:2  | Killed from afar by a wretched star

Levels and vault maps discovered:
D:1:      amcnicky_arrival_gap_in_the_tavern_cellar, layout_loops_ring
D:2:      layout_basic, uniq_sigmund
D:3:      layout_rooms, basic_ecumenical_altar, minmay_close_crescents
D:4:      layout_layer_cave, serial_shops, shop, uniq_grinder, uniq_edmund
D:5:      layout_cave_pools, serial_glass, glass_columns_a, glass_columns_c,
          glass_columns_a, glass_columns_a, glass_columns_b, glass_columns_a,
          glass_columns_a, glass_columns_a
D:6:      layout_rooms, mainiacjoe_overflow_catwalk_spiral,
          minmay_temple_entry_antechambers, serial_shops, shop, uniq_menkaure
D:7:      layout_loops_corners, grunt_decor_fettered, kennysheep_small_square
D:8:      layout_gridville, overflow_temple_1_default, minmay_shop_mass
D:9:      layout_basic, ashenzari_altar_1, serial_shops, nicolae_lakefront_shop,
          shop, shop_fountains
D:10:     layout_basic, david_lair_shrubbed, zombieorc2_lemuel, serial_glass,
          glass_columns_b, glass_columns_a, minmay_strange_pillars, worms_lemuel
D:11:     layout_irregular_city
D:12:     layout_roguey, hellmonk_ghost_happy_afterlife, tso_oasis_becter,
          uniq_rupert, uniq_sonja
Lair:1:   layout_chaotic_city
Lair:2:   layout_long_grid, minmay_shoals_entry_beasts,
          guppyfry_snake_entry_garden, enter_volcano_3,
          amcnicky_mini_pool_medium
Lair:3:   layout_loops_ring
Lair:4:   layout_gridlike, slime_entry_1, portal_ice_cave_entry_ice_simulacra,
          nicolae_lair_lindhole
Lair:5:   hangedman_lair_in_review, layout_regular_city,
          infiniplex_staircase_pool_2
Abyss:2:  base: Lair:1, eino_small_chamber_without_monster

Skill      XL: |  1  2  3  4  5  6  7  8  9 10 11 12 13 14 |
---------------+-------------------------------------------+-----
Axes           | 4 5 7 9 11 13 15 16 | 16.0
Fighting       | 4 5 6 7 9 11 13 15 17 | 17.0
Armour         | 3 4 5 7 8 10 12 14 15 | 15.0
Shields        | 3 4 5 7 9 10 | 10.7
Throwing       | 2 3 5 7 |  7.1
Dodging        | 4 5 6 7 |  7.4

Action                   |  1- 3 |  4- 6 |  7- 9 | 10-12 | 13-15 || total
-------------------------+-------+-------+-------+-------+-------++-------
Melee: Hand axe          |    59 |    55 |    88 |    12 |     9 ||   223
       Headbutt          |     5 |    14 |    28 |   100 |   118 ||   265
       War axe           |       |       |    72 |   479 |   475 ||  1026
Throw: Javelin           |       |       |    20 |    75 |    11 ||   106
       Boomerang         |       |       |       |    57 |    44 ||   101
Invok: Berserk           |     3 |     1 |     9 |    17 |    12 ||    42
       Trog's Hand       |       |     1 |       |       |     5 ||     6
       Brothers in Arms  |       |       |       |     4 |     4 ||     8
  Use: Scroll            |     3 |     4 |     8 |     7 |     4 ||    26
       Potion            |       |     3 |     1 |     2 |     2 ||     8
 Stab: Invisible         |       |     1 |       |       |       ||     1
       Distracted        |       |       |       |       |     1 ||     1
Armor: Animal skin       |     1 |       |       |       |       ||     1
       Ring mail         |     6 |    14 |       |       |       ||    20
       Plate armour      |       |     7 |    94 |   165 |   177 ||   443
       Chain mail        |       |       |       |       |   115 ||   115
Dodge: Dodged            |    17 |     9 |    56 |   148 |   301 ||   531
Block: Buckler           |       |       |    43 |    82 |   137 ||   262

Table legend:
 A = Non-vault XP
 B = Vault XP
 C = Vault XP percentage of total XP
 D = Non-vault monster count
 E = Vault monster count
 F = Vault count percentage of total count
                 A         B        C        D         E       F
            +---------+---------+-------+---------+---------+-------
      Total |   76371 |   14715 |  16.2 |     341 |      81 |  19.2
            +---------+---------+-------+---------+---------+-------
        D:1 |      37 |       0 |   0.0 |      13 |       0 |   0.0
        D:2 |      71 |     239 |  77.1 |      21 |       1 |   4.5
        D:3 |       7 |      14 |  66.7 |       4 |       2 |  33.3
        D:4 |     345 |     424 |  55.1 |      20 |       2 |   9.1
        D:5 |     204 |       0 |   0.0 |       7 |       0 |   0.0
        D:6 |     638 |     169 |  20.9 |       9 |       1 |  10.0
        D:7 |     286 |      40 |  12.3 |       8 |       1 |  11.1
        D:8 |    3305 |       0 |   0.0 |      24 |       0 |   0.0
        D:9 |     631 |       0 |   0.0 |      17 |       0 |   0.0
       D:10 |    2819 |    1821 |  39.2 |      16 |      40 |  71.4
       D:11 |    2720 |       0 |   0.0 |       9 |       0 |   0.0
     Lair:1 |    4834 |       0 |   0.0 |      19 |       0 |   0.0
     Lair:2 |    5532 |    2264 |  29.0 |      23 |      10 |  30.3
     Lair:3 |    8183 |       0 |   0.0 |      26 |       0 |   0.0
     Lair:4 |   11397 |    1396 |  10.9 |      23 |       6 |  20.7
     Lair:5 |   20127 |    8348 |  29.3 |      59 |      18 |  23.4
    Abyss:1 |   14826 |       0 |   0.0 |      42 |       0 |   0.0
    Abyss:2 |     409 |       0 |   0.0 |       1 |       0 |   0.0
            +---------+---------+-------+---------+---------+-------
